 Dungeon Crawl Stone Soup version 0.20-a0-924-gfa95efa (webtiles) character file.

291566 RKaid the Imperceptible (level 19, -2/109 HPs)
             Began as a Spriggan Enchanter on Mar 22, 2017.
             Was the Champion of Dithmenos.
             Slain by a stone giant (41 damage)
             ... on level 2 of the Depths on Mar 27, 2017.
             The game lasted 06:11:54 (51543 turns).

RKaid the Imperceptible (Spriggan Enchanter)       Turns: 51543, Time: 06:11:54

Health: -2/109     AC:  7    Str:  5    XL:     19   Next: 96%
Magic:  28/33      EV: 35    Int: 27    God:    Dithmenos [******]
Gold:   1621       SH:  0    Dex: 17    Spells: 5/37 levels left

rFire    . . .     SeeInvis +   b - +10 short sword of Xom's Delight {pierce, rC+}
rCold    + . .     Gourm    .   (shield restricted)
rNeg     . . .     Faith    .   s - +1 robe {Archmagi}
rPois    +         Spirit   .   X - +2 hat
rElec    +         Reflect  .   z - +1 cloak
rCorr    .         Harm     .   (gloves unavailable)
MR       +++..                  (boots unavailable)
Stlth    ++++++++++             y - amulet of magic regeneration {+MPregen}
Regen    0.3/turn               Z - +4 ring of slaying
MPRegen  0.4/turn               J - ring of Balance {*Contam rElec rPois Int+4}

@: wreathed by umbra, very quick
A: unfitting armour, see invisible, herbivore 3, speed 3, slow metabolism 2
}: 2/15 runes: serpentine, barnacled
a: Shadow Step, Shadow Form, Renounce Religion


You were on level 2 of the Depths.
You worshipped Dithmenos.
Dithmenos was exalted by your worship.
You were not hungry.

You visited 7 branches of the dungeon, and saw 34 of its levels.
You also visited: Sewer, Ice Cave and Volcano.

You collected 3438 gold pieces.
You spent 1817 gold pieces at shops.

Inventory:

Hand Weapons
 a - a +4 vampiric dagger {win!}
   (You took it off Maurice on level 11 of the Dungeon)
 b - the +10 short sword of Xom's Delight (weapon) {pierce, rC+}
   (You found it on level 11 of the Dungeon)

   It inflicts extra damage upon your enemies.
   It protects you from cold.
Missiles
 K - 6 throwing nets {=f}
Armour
 s - a +1 robe of the Archmagi (worn)
   (You found it on level 4 of the Shoals)
 w - a +2 robe of fire resistance
   (You took it off an orc sorcerer on level 2 of the Orcish Mines)
 z - a +1 cloak (worn)
   (You took it off Crazy Yiuf on level 6 of the Dungeon)
 A - a +2 robe of cold resistance
   (You took it off a merfolk impaler on level 2 of the Shoals)
 L - a +0 robe of magic resistance
   (You took it off an orc sorcerer on level 15 of the Dungeon)
 X - a +2 hat (worn)
   (You found it on level 6 of the Lair of Beasts)
Jewellery
 h - an uncursed ring of magical power {MP+9}
   (You found it on level 1 of the Dungeon)
 o - the ring of the Butterfly {+Fly Dex+3}
   (You found it in an ice cave)

   [ring of flight]

   It affects your dexterity (+3).
   It lets you fly.
 r - an uncursed ring of resist corrosion
   (You found it on level 1 of the Depths)
 y - an amulet of magic regeneration (around neck) {+MPregen}
   (You found it on level 6 of the Dungeon)
 B - an uncursed ring of protection from cold {rC+}
   (You found it on level 8 of the Dungeon)
 J - the ring of Balance (right hand) {*Contam rElec rPois Int+4}
   (You found it on level 11 of the Dungeon)

   [ring of poison resistance]

   It affects your intelligence (+4).
   It insulates you from electricity.
   It protects you from poison.
   It causes magical contamination when unequipped.
 Z - a +4 ring of slaying (left hand)
   (You found it on level 13 of the Dungeon)
Wands
 C - a wand of digging (6/24)
   (You found it on level 9 of the Dungeon)
 E - a wand of scattershot (5/9)
   (You found it on level 3 of the Shoals)
 O - a wand of disintegration (4/24)
   (You found it on level 11 of the Dungeon)
 W - a wand of iceblast (5/15)
   (You found it on level 4 of the Lair of Beasts)
Scrolls
 d - 2 scrolls of summoning
 k - 15 scrolls of remove curse
 l - 4 scrolls of blinking {!r}
 p - 2 scrolls of fear
 q - 6 scrolls of teleportation
 v - 8 scrolls of fog
 G - 6 scrolls of enchant weapon
 I - 2 scrolls of magic mapping {!r}
 Q - a scroll of silence
 R - 3 scrolls of holy word {!r}
Potions
 c - 2 potions of ambrosia
 e - 8 potions of lignification {!q}
 g - 5 potions of agility
 j - 14 potions of curing
 m - 4 potions of brilliance
 u - 8 potions of flight
 x - 8 potions of mutation {!q!q}
 D - 3 potions of invisibility
 F - 5 potions of berserk rage {!q}
 H - 2 potions of haste
 P - a potion of might
 S - 3 potions of resistance
 U - a potion of heal wounds
 V - 2 potions of cancellation
Miscellaneous
 n - a phial of floods
   (You found it on level 5 of the Lair of Beasts)
 M - 2 phantom mirrors
 T - 2 sacks of spiders
 Y - a box of beasts
Comestibles
 f - 6 royal jellies
 t - 15 bread rations


   Skills:
 * Level 15.7 Fighting
 - Level 13.5 Short Blades
 + Level 21.6 Dodging
 - Level 23.5 Stealth
 * Level 9.5 Spellcasting
 - Level 2.0 Conjurations
 - Level 8.0 Hexes
 - Level 8.0 Charms
 - Level 8.5 Summonings
 - Level 6.1 Translocations
 - Level 3.0 Ice Magic
 - Level 5.0 Air Magic
 - Level 5.5 Poison Magic
 - Level 4.0 Evocations


You had 5 spell levels left.
You knew the following spells:

 Your Spells              Type           Power        Failure   Level  Hunger
a - Ensorcelled Hibernat  Hex/Ice        ######       1%          2    None
b - Confuse               Hex            ######..     1%          3    None
c - Dazzling Spray        Conj/Hex       ######       1%          3    None
d - Tukima's Dance        Hex            ######..     1%          3    None
e - Summon Lightning Spi  Summ/Air       ######..     2%          4    None
f - Olgreb's Toxic Radia  Pois           ######..     6%          4    None
g - Mephitic Cloud        Conj/Pois/Air  ######..     2%          3    None
A - Apportation           Tloc           ######       1%          1    None
B - Blink                 Tloc           N/A          1%          2    None
C - Regeneration          Chrm/Necr      ######....   2%          3    None
D - Summon Guardian Gole  Hex/Summ       ######..     1%          3    None
E - Summon Butterflies    Summ           ######..     1%          1    None


Dungeon Overview and Level Annotations

Branches:
Dungeon (15/15)            Temple (1/1) D:4            Lair (6/6) D:9
 Shoals (4/4) Lair:4        Snake (4/4) Lair:3        Slime (0/5) Lair:6
    Orc (2/2) D:10            Elf (0/3) Orc:2        Vaults (0/5) D:13
 Depths (2/5) D:15

Altars:
Ashenzari
Cheibriados
Dithmenos
Elyvilon
Fedhas
Gozag
Hepliaklqana
Kikubaaqudgha
Makhleb
Nemelex Xobeh
Okawaru
Qazlal
Ru
Sif Muna
Trog
Uskayaw
Vehumet
Wu Jian
Xom
Yredelemnul
Zin
The Shining One
Beogh

Shops:
Orc:2 *:[(   Snake:2 =   Snake:3 (

Portals:
Hell: Depths:1
Abyss: Depths:1
Trove: D:13 (show abyssal rune of Zot)

Annotations:
D:13 Rupert
D:14 exclusion: Roxanne, Roxanne
Lair:4 Nessos
Lair:6 1 runed door, exclusion: jelly


Innate Abilities, Weirdness & Mutations

You are very small and have problems with some larger weapons.
You are too small for most types of armour.
You have supernaturally acute eyesight. (SInv)
You are a herbivore.
You cover ground extremely quickly.
You need consume almost no food.


Message History

Your lightning spire shoots out a bolt of lightning at the stone giant!
The bolt of electricity hits the stone giant.
You catch the helpless stone giant completely off-guard!
You perforate the stone giant like a sieve!!!
You kill the stone giant!
Dithmenos accepts your kill.
You start resting.
Your lightning spire disappears in a puff of smoke!
Things that are here:
an uncursed arbalest; 19 bolts An ice dragon comes into view.
Casting: Summon Lightning Spire
Confirm with . or Enter, or press ? or * to list all spells.
Aiming: Summon Lightning Spire
Press: ? - help, Dir - move target cursor You feel a surge of power!
An electric hum fills the air.
The ice dragon roars deafeningly!
Your lightning spire shoots out a bolt of lightning at the ice dragon!
The bolt of electricity hits the ice dragon.
The ice dragon breathes frost at you. The blast of cold misses you.
Your lightning spire shoots out a bolt of lightning at the ice dragon!
The bolt of electricity hits the ice dragon.
You hear a shout!
You hit the ice dragon.
Your shadow hits the ice dragon but does no damage.
The ice dragon bites you!
The ice dragon completely misses you. x2
You hit the ice dragon but do no damage.
You hit the ice dragon but do no damage.
The ice dragon completely misses you. The ice dragon closely misses you.
The ice dragon completely misses you.
You puncture the ice dragon!
Your shadow hits the ice dragon but does no damage.
Your lightning spire shoots out a bolt of lightning at the ice dragon!
The bolt of electricity hits the ice dragon.
You puncture the ice dragon!
The ice dragon completely misses you. x2
The ice dragon barely misses you.
You hit the ice dragon but do no damage.
Your lightning spire shoots out a bolt of lightning at the ice dragon!
The bolt of electricity hits the ice dragon.
You strike the helpless ice dragon from behind!
You stick the ice dragon like a pincushion!!!
You kill the ice dragon!
Dithmenos accepts your kill. What are your orders? t - Shout!
Orders for allies: a - Attack new target. r - Retreat! s - Stop attacking. g - Guard the area. f - Follow me.
Anything else - Cancel.
Gang up on whom?
Press: ? - help, Dir - move target cursor, f - stone giant
Aim: a stone giant (umbra) Attack!
The stone giant throws a large rock.
The large rock hits your lightning spire!
Your lightning spire shoots out a bolt of lightning at the stone giant!
The bolt of electricity hits the stone giant.
Your lightning spire shoots out a bolt of lightning at the stone giant!
The bolt of electricity hits the stone giant.
The stone giant throws a large rock.
The large rock hits your lightning spire!!
Your lightning spire disappears in a puff of smoke!
You hit the stone giant.
Your shadow hits the stone giant but does no damage.
You hit the stone giant. The stone giant hits you!!
Casting: Summon Lightning Spire
Confirm with . or Enter, or press ? or * to list all spells.
Aiming: Summon Lightning Spire
Press: ? - help, Dir - move target cursor, p - stone giant You feel a surge of power!
An electric hum fills the air.
The stone giant completely misses you.
You hit the stone giant.
You hit the stone giant but do no damage.
The stone giant completely misses you.
Your lightning spire shoots out a bolt of lightning at the stone giant!
The bolt of electricity hits the stone giant. x2
The bolt of electricity hits your lightning spire.
Your lightning spire completely resists.
The bolt of electricity hits your lightning spire.
Your lightning spire completely resists.
You hit the stone giant but do no damage.
Your shadow hits the stone giant but does no damage.
You hit the stone giant. The stone giant misses you.
You hit the stone giant but do no damage.
You hit the stone giant but do no damage.
Your shadow hits the stone giant but does no damage.
The stone giant hits you!!!
You hear a shout!
Casting: Summon Lightning Spire
Confirm with . or Enter, or press ? or * to list all spells.
Aiming: Dazzling Spray
Press: ? - help, Shift-Dir - straight line, f - stone giant
Aim: a stone giant (severely wounded, umbra)
You feel a surge of power!
The spray of energy hits the stone giant.
Your shadow mimicks your spell!
The shadow shard hits the stone giant.
You puncture the stone giant! The stone giant hits you!!!
You die...

>.... #. .. .... #.##.# ..#
#.#.. ..# #.#.# .# #...# ###
.# #... #.##### ## #8.#
#.....# # . ##C.# #.....#
#.. #.@## #.....# ... ##..#
#.....# .$. #...# #.....#
..# #...# #<....# (# #...#
#.....# .##
#########.#.########.....###
...
.........(.......((.........
.##
###########)########.....###
.# #.# #."...#


You could see a stone giant and a friendly lightning spire.

Vanquished Creatures
  Sojobo (Depths:1)
  Bai Suzhen (Depths:1)
  Vashnia (Snake:2)
  Jorgrun (Snake:4)
  Polyphemus (Shoals:2)
  3 tengu reavers (Depths:1)
  5 nagarajas
  Ilsuiw (Shoals:4)
  A fire giant (Depths:1)
  An orc warlord (Orc:2)
  A frost giant (Depths:2)
  Aizul (Shoals:4)
  5 stone giants
  The ghost of AeshMezareph the Champion of Chaos, a journeyman DDMo of Makhleb (Orc:1)
  An ettin (Depths:2)
  5 merfolk javelineers (Shoals:4)
  Snorg (Lair:4)
  A great orb of eyes (Depths:1)
  3 merfolk impalers
  5 ogre magi
  7 naga warriors
  Erolcha (Orc:2)
  An ice dragon (Depths:2)
  4 vault guards (D:13)
  5 centaur warriors
  12 hydras
  3 merfolk aquamancers
  11 anacondas
  2 death knights
  2 alligator snapping turtles
  A catoblepas (D:14)
  A satyr (Shoals:4)
  2 merfolk avatars
  3 death yaks
  7 tengu warriors
  A deep troll earth mage (D:15)
  16 two-headed ogres
  17 naga sharpshooters
  5 orc high priests
  7 shock serpents
  The ghost of dricus the Cleaver, a novice MiBe of Trog (D:6)
  The ghost of Reinor the Cruncher, a novice MiGl of Wu Jian (D:8)
  Sonja (Lair:2)
  3 salamander mystics
  14 sea snakes
  4 skeletal warriors
  A titan skeleton (Depths:1)
  A hell knight (Volcano)
  5 deep trolls (Depths:1)
  4 naga ritualists
  4 unseen horrors
  A glowing orange brain (Depths:1)
  4 wizards
  7 orc knights
  10 mana vipers
  6 salamanders
  4 necromancers (Depths:1)
  15 harpies
  A fire giant zombie (Depths:1)
  13 manticores
  8 cyclopes
  An oklob plant (Shoals:1)
  16 fauns
  A sphinx skeleton (Depths:1)
  5 ugly things
  3 orc sorcerers
  A fire giant skeleton (Depths:1)
  A torpor snail (Lair:4)
  A rust devil (D:12)
  15 naga magi
  A stone giant skeleton (Depths:1)
  9 merfolk sirens
  Maurice (D:11)
  2 water nymphs
  17 elephants
  6 guardian serpents
  41 black mambas
  11 spiny frogs
  A spiny frog (shapeshifter) (Depths:2)
  3 molten gargoyles (Lair:6)
  An ice statue (IceCv)
  An efreet (D:15)
  17 rime drakes
  7 komodo dragons
  8 yaktaurs
  7 freezing wraiths
  A queen bee (Lair:4)
  A tengu conjurer (Depths:2)
  A jumping spider (shapeshifter) (D:13)
  5 trolls
  19 merfolk
  15 polar bears
  Prince Ribbit (D:7)
  7 wind drakes
  2 meliai (Lair:4)
  16 blink frogs
  A slime creature (D:13)
  A sphinx simulacrum (Depths:1)
  4 dream sheep
  A meliai zombie (D:15)
  A centaur simulacrum (D:15)
  12 hippogriffs
  2 ettin skeletons (Depths:1)
  7 snapping turtles
  2 ice dragon zombies (Depths:1)
  A spriggan skeleton (Depths:1)
  A shadow (D:13)
  4 water elementals
  An ice dragon skeleton (Depths:1)
  A wraith (D:12)
  45 yaks
  3 hungry ghosts
  7 wyverns
  8 steam dragons
  6 basilisks
  Eustachio (D:4)
  A yaktaur simulacrum (Depths:1)
  An elf skeleton (Depths:1)
  9 vampire mosquitoes
  47 nagas
  4 wargs (D:14)
  2 acid dragons
  4 hell hounds (Lair:6)
  9 porcupines
  22 water moccasins
  A swamp drake (Lair:6)
  Duvessa (D:6)
  45 orc warriors
  4 sky beasts
  An ice dragon simulacrum (Depths:1)
  A phantom (D:8)
  6 ice beasts
  A necrophage (D:10)
  An eye of draining (D:10)
  40 wolves
  8 boggarts
  15 centaurs
  20 ogres
  18 crocodiles
  4 big kobolds
  Dowan (D:6)
  13 bullfrogs
  6 scorpions
  32 killer bees
  A howler monkey (D:8)
  13 wights
  An electric eel (Snake:4)
  6 crimson imps
  4 lava snakes (Lair:6)
  4 centaur zombies
  A quasit (D:13)
  3 bullfrog zombies
  3 jellies
  13 hounds
  18 orc priests
  6 centaur skeletons
  30 orc wizards
  Crazy Yiuf (D:6)
  4 iguanas
  13 worker ants
  3 hound skeletons
  2 mummies (D:13)
  2 howler monkey zombies
  3 worker ant zombies
  19 adders
  4 river rats
  A shadow imp (D:12)
  2 oozes
  An adder zombie (D:6)
  A worm (D:3)
  A dart slug (D:1)
  8 leopard geckos
  94 orcs
  10 giant cockroaches
  8 goblins
  11 hobgoblins
  11 jackals
  8 quokkas
  5 ball pythons
  9 bats
  11 frilled lizards
  A jackal skeleton (D:5)
  A jackal zombie (D:5)
  25 kobolds
  2 leopard gecko zombies
  3 quokka skeletons
  13 rats
  A butterfly (D:4)
1308 creatures vanquished.

Vanquished Creatures (collateral kills)
  A stone giant (Depths:1)
  A deep elf death mage (Depths:2)
  A merfolk impaler (Shoals:1)
  2 naga warriors (Snake:4)
  A spriggan air mage (Depths:2)
  A catoblepas (Shoals:2)
  A death yak (Shoals:2)
  2 naga ritualists
  4 harpies (Shoals:1)
  A faun (Shoals:1)
  3 naga magi (Snake:4)
  A tengu conjurer (Depths:1)
  A merfolk (Shoals:1)
  2 yaks (IceCv)
  9 nagas (Snake:4)
  2 plants (Shoals:1)
33 creatures vanquished.

Vanquished Creatures (others)
  3 dancing weapons
  A steam dragon (Lair:4)
  14 fungi
  12 plants
  2 withered plants (D:13)
32 creatures vanquished.

Grand Total: 1373 creatures vanquished

Notes
Turn   | Place    | Note
-------+----------+-------------------------------------------
     0 | D:1      | RKaid the Spriggan Enchanter began the quest for the Orb.
     0 | D:1      | Reached XP level 1. HP: 9/9 MP: 5/5
   308 | D:1      | Reached XP level 2. HP: 13/13 MP: 6/6
   312 | D:1      | Learned a level 2 spell: Ensorcelled Hibernation
   638 | D:1      | Reached skill level 2 in Short Blades
   804 | D:1      | Reached skill level 3 in Spellcasting
  1017 | D:1      | Reached skill level 4 in Hexes
  1123 | D:1      | Reached XP level 3. HP: 16/16 MP: 8/8
  1522 | D:2      | Reached skill level 5 in Stealth
  1655 | D:2      | Reached XP level 4. HP: 21/21 MP: 10/10
  1698 | D:2      | Learned a level 3 spell: Confuse
  1702 | D:2      | Learned a level 3 spell: Dazzling Spray
  2179 | D:2      | Reached skill level 3 in Short Blades
  2207 | D:3      | Found a sacrificial altar of Ru.
  2631 | D:3      | Reached XP level 5. HP: 18/24 MP: 11/11
  2901 | D:3      | Reached skill level 4 in Short Blades
  2971 | D:3      | Found a bloodstained altar of Trog.
  3747 | D:3      | Noticed an ogre
  3964 | D:4      | Found a staircase to the Ecumenical Temple.
  4020 | D:4      | Found a shimmering altar of Xom.
  4048 | D:4      | Reached skill level 4 in Spellcasting
  4064 | D:4      | Found a glowing drain.
  4116 | D:4      | Reached XP level 6. HP: 28/28 MP: 13/13
  4261 | D:4      | Reached skill level 5 in Short Blades
  4279 | D:4      | Found a shadowy altar of Dithmenos.
  4281 | D:4      | Found a stormy altar of Qazlal.
  4281 | D:4      | Found a white marble altar of Elyvilon.
  4283 | D:4      | Found a white marble altar of Elyvilon.
  4283 | D:4      | Found a shimmering altar of Xom.
  4283 | D:4      | Found a blossoming altar of Fedhas.
  4309 | D:4      | Reached skill level 6 in Stealth
  4377 | D:4      | Found a glowing silver altar of Zin.
  4452 | Sewer    | Entered a sewer
  4873 | Sewer    | Found a white marble altar of Elyvilon.
  4973 | D:4      | Reached skill level 5 in Spellcasting
  4973 | D:4      | Reached XP level 7. HP: 20/32 MP: 15/15
  5377 | D:4      | Reached skill level 6 in Short Blades
  5415 | D:4      | Noticed Eustachio
  5618 | D:4      | Found a deep blue altar of Sif Muna.
  5790 | Temple   | Entered the Ecumenical Temple
  5888 | Temple   | Became a worshipper of Dithmenos the Shadowed
  6020 | D:4      | Killed Eustachio
  6020 | D:4      | Reached skill level 1 in Conjurations
  6049 | D:4      | Reached skill level 7 in Stealth
  6071 | D:5      | Entered Level 5 of the Dungeon
  6425 | D:5      | Reached skill level 5 in Hexes
  6572 | D:5      | Reached skill level 2 in Conjurations
  6751 | D:5      | Reached XP level 8. HP: 36/36 MP: 16/16
  6816 | D:5      | Reached skill level 7 in Short Blades
  7498 | D:6      | Noticed dricus's ghost (novice MiBe)
  7565 | D:6      | Reached * piety under Dithmenos
  7755 | D:6      | Reached skill level 8 in Stealth
  7766 | D:6      | Reached skill level 8 in Short Blades
  7771 | D:6      | Found an ancient bone altar of Kikubaaqudgha.
  7874 | D:6      | Killed dricus's ghost
  7874 | D:6      | Reached skill level 9 in Short Blades
  7874 | D:6      | Reached skill level 9 in Stealth
  7874 | D:6      | Reached skill level 6 in Hexes
  7874 | D:6      | Reached XP level 9. HP: 39/39 MP: 17/17
  7906 | D:6      | Noticed Duvessa
  7906 | D:6      | Noticed Dowan
  7908 | D:6      | Killed Duvessa
  7915 | D:6      | Killed Dowan
  8106 | D:6      | Found a runed door.
  8110 | D:6      | Noticed Crazy Yiuf
  8114 | D:6      | Killed Crazy Yiuf
  8219 | D:6      | Reached skill level 7 in Hexes
  8875 | D:7      | Reached skill level 10 in Short Blades
  8875 | D:7      | Reached skill level 10 in Stealth
  9044 | D:7      | You fall through a shaft for 3 floors!
  9044 | D:10     | Entered Level 10 of the Dungeon
  9044 | D:10     | Noticed a troll
  9052 | D:10     | Found a staircase to the Orcish Mines.
  9135 | D:7      | Reached skill level 1 in Fighting
  9135 | D:7      | Reached skill level 4 in Dodging
  9236 | D:7      | Reached ** piety under Dithmenos
  9387 | D:7      | Noticed Prince Ribbit
  9392 | D:7      | Killed Prince Ribbit
  9392 | D:7      | Reached skill level 2 in Fighting
  9392 | D:7      | Reached skill level 5 in Dodging
  9399 | D:7      | Found a stormy altar of Qazlal.
  9508 | D:7      | Reached skill level 6 in Dodging
  9664 | D:8      | Reached skill level 3 in Fighting
  9818 | D:8      | Reached skill level 7 in Dodging
  9818 | D:8      | Reached XP level 10. HP: 49/49 MP: 18/18
 10094 | D:8      | Noticed a two-headed ogre
 10106 | D:8      | Killed a two-headed ogre
 10106 | D:8      | Reached skill level 4 in Fighting
 10106 | D:8      | Reached skill level 8 in Dodging
 10143 | D:8      | Noticed Reinor's ghost (novice MiGl)
 10210 | D:8      | Reached *** piety under Dithmenos
 10255 | D:8      | Killed Reinor's ghost
 10255 | D:8      | Reached skill level 5 in Fighting
 10255 | D:8      | Reached skill level 9 in Dodging
 10676 | D:9      | Noticed a two-headed ogre
 10683 | D:9      | Killed a two-headed ogre
 10683 | D:9      | Reached skill level 10 in Dodging
 10710 | D:9      | Reached skill level 7 in Fighting
 10710 | D:9      | Reached skill level 12 in Dodging
 10710 | D:9      | Reached skill level 8 in Spellcasting
 10710 | D:9      | Reached XP level 11. HP: 58/58 MP: 24/24
 10715 | D:9      | Learned a level 3 spell: Tukima's Dance
 10888 | D:9      | Learned a level 2 spell: Blink
 10981 | D:9      | Found a staircase to the Lair.
 10989 | D:9      | Reached skill level 1 in Translocations
 11311 | D:10     | Reached skill level 2 in Translocations
 11404 | D:10     | Noticed a tengu warrior
 11404 | D:10     | Noticed a tengu warrior
 11440 | D:10     | Reached skill level 3 in Translocations
 11553 | D:10     | Noticed a two-headed ogre
 11572 | D:10     | Killed a two-headed ogre
 11572 | D:10     | Reached **** piety under Dithmenos
 11572 | D:10     | Reached skill level 13 in Dodging
 11572 | D:10     | Reached skill level 4 in Translocations
 11579 | D:10     | Reached XP level 12. HP: 37/64 MP: 19/25
 11708 | D:10     | Reached skill level 8 in Fighting
 11741 | D:10     | Found a roughly hewn altar of Beogh.
 11885 | D:10     | Killed a tengu warrior
 11894 | D:10     | Killed a tengu warrior
 11894 | D:10     | Reached skill level 5 in Translocations
 12007 | D:10     | Reached skill level 6 in Translocations
 12305 | Lair:1   | Entered Level 1 of the Lair of Beasts
 12424 | Lair:1   | Reached skill level 14 in Dodging
 12957 | Lair:1   | Noticed an eight-headed hydra
 12973 | Lair:1   | Killed an eight-headed hydra
 12973 | Lair:1   | Reached skill level 11 in Stealth
 13803 | Lair:2   | Reached skill level 12 in Stealth
 13929 | Lair:2   | Noticed Sonja
 13932 | Lair:2   | Killed Sonja
 13932 | Lair:2   | Reached skill level 11 in Short Blades
 13932 | Lair:2   | Reached skill level 15 in Dodging
 13933 | Lair:2   | Noticed a seven-headed hydra
 13978 | Lair:2   | Killed a seven-headed hydra
 14113 | Lair:2   | Reached XP level 13. HP: 69/69 MP: 26/26
 14938 | Lair:3   | Reached skill level 13 in Stealth
 15128 | Lair:3   | Found a staircase to the Snake Pit.
 15449 | Lair:3   | Reached skill level 16 in Dodging
 15907 | Lair:3   | Reached skill level 12 in Short Blades
 15954 | Lair:3   | Reached skill level 14 in Stealth
 16017 | Lair:3   | HP: 17/69 [steam dragon] (6)]
 16189 | Lair:4   | Found a staircase to the Shoals.
 16245 | Lair:4   | Reached ***** piety under Dithmenos
 16328 | Lair:4   | Noticed Snorg
 16331 | Lair:4   | Killed Snorg
 16703 | Lair:4   | Found a burning altar of Makhleb.
 16871 | Lair:4   | Noticed Nessos
 16914 | Lair:4   | Upgraded the game from 0.20-a0-904-gd863c46 to 0.20-a0-910-gb611367
 17717 | Lair:5   | Found a dark tunnel.
 17722 | Volcano  | Entered a volcano
 17741 | Volcano  | Found a radiant altar of Vehumet.
 17757 | Volcano  | Reached skill level 15 in Stealth
 17761 | Volcano  | Reached skill level 17 in Dodging
 18254 | Lair:6   | Entered Level 6 of the Lair of Beasts
 18409 | Lair:6   | Reached XP level 14. HP: 43/74 MP: 19/27
 18600 | Lair:5   | Reached skill level 13 in Short Blades
 19530 | Lair:6   | Reached skill level 16 in Stealth
 19628 | Lair:6   | Found a staircase to the Slime Pits.
 20558 | Lair:6   | Reached skill level 1 in Ice Magic
 20563 | Lair:6   | Found a large runed door.
 20925 | Lair:6   | Reached skill level 18 in Dodging
 20929 | Lair:6   | Reached skill level 8 in Hexes
 21197 | Lair:4   | Upgraded the game from 0.20-a0-910-gb611367 to 0.20-a0-915-gb278767
 21766 | D:11     | Got a crude brass ring
 21768 | D:11     | Identified the ring of Balance {*Contam rElec rPois Int+4} (You found it on level 11 of the Dungeon)
 21798 | D:11     | Noticed Maurice
 21801 | D:11     | Killed Maurice
 21801 | D:11     | Reached skill level 2 in Ice Magic
 21810 | D:11     | Got a polished short sword
 22149 | D:12     | Found a frozen archway.
 22190 | IceCv    | Entered an ice cave
 22434 | IceCv    | Reached skill level 3 in Ice Magic
 22448 | IceCv    | Reached skill level 9 in Fighting
 22572 | IceCv    | Reached skill level 17 in Stealth
 22677 | IceCv    | Got a shimmering bronze ring
 23026 | IceCv    | Identified the ring of the Butterfly {+Fly Dex+3} (You found it in an ice cave)
 23121 | IceCv    | Reached ****** piety under Dithmenos
 23246 | IceCv    | Noticed a frost giant
 23350 | IceCv    | HP: 17/75 [frost giant (28)]
 24257 | D:12     | Reached XP level 15. HP: 80/80 MP: 8/28
 24387 | D:13     | Reached skill level 18 in Stealth
 24479 | D:13     | Found a gate to the Vaults.
 24607 | D:13     | Found a portal to a secret trove of treasure.
 24961 | D:13     | Reached skill level 10 in Fighting
 25428 | D:13     | Reached skill level 19 in Stealth
 25428 | D:13     | Reached XP level 16. HP: 86/86 MP: 29/29
 25737 | D:13     | Noticed Rupert
 26463 | Lair:4   | Reached skill level 11 in Fighting
 26547 | Lair:4   | Identified the +10 short sword of Xom's Delight {pierce, rC+} (You found it on level 11 of the Dungeon)
 27050 | Lair:1   | Learned a level 3 spell: Regeneration
 27055 | Lair:1   | Learned a level 4 spell: Summon Lightning Spire
 27062 | Lair:1   | Learned a level 3 spell: Summon Guardian Golem
 27120 | Orc:1    | Entered Level 1 of the Orcish Mines
 27282 | Orc:1    | Noticed AeshMezareph's ghost (journeyman DDMo)
 27297 | Orc:1    | Killed AeshMezareph's ghost
 27458 | Orc:2    | Entered Level 2 of the Orcish Mines
 27606 | Orc:1    | Reached skill level 20 in Stealth
 27981 | Orc:2    | Found Ceapsusch's Book Shop.
 28159 | Orc:2    | Noticed Erolcha
 28159 | Orc:2    | Found Nishraxeq's Antique Armour Shoppe.
 28167 | Orc:2    | Found a staircase to the Elven Halls.
 28584 | Orc:2    | Found Suat's General Store.
 28592 | Orc:2    | Bought a scroll of teleportation for 51 gold pieces
 28673 | Orc:2    | Found Hagaiqan's Antique Weapon Boutique.
 28777 | Orc:2    | Killed Erolcha
 28955 | Orc:2    | Bought a manual of Fighting for 1766 gold pieces
 29157 | D:13     | Reached skill level 12 in Fighting
 29384 | D:13     | Reached skill level 21 in Stealth
 30195 | D:14     | Found a white marble altar of Elyvilon.
 30221 | D:14     | Reached skill level 1 in Charms
 30387 | D:14     | Noticed Roxanne
 30659 | D:14     | Reached skill level 2 in Charms
 30659 | D:14     | Reached skill level 1 in Summonings
 30971 | D:14     | Reached skill level 3 in Charms
 31097 | D:15     | Entered Level 15 of the Dungeon
 31122 | D:15     | Found a shadowy altar of Dithmenos.
 31229 | D:15     | Reached XP level 17. HP: 76/94 MP: 9/30
 31318 | D:15     | Found a staircase to the Depths.
 31333 | D:15     | Reached skill level 2 in Summonings
 31337 | D:15     | Reached skill level 4 in Charms
 31542 | D:15     | Reached skill level 13 in Fighting
 31574 | D:15     | Reached skill level 3 in Summonings
 32105 | D:15     | Reached skill level 5 in Charms
 32336 | D:15     | Reached skill level 4 in Summonings
 32571 | Snake:1  | Entered Level 1 of the Snake Pit
 32587 | Snake:1  | Reached skill level 6 in Charms
 32815 | Snake:1  | Reached skill level 5 in Summonings
 33495 | Snake:1  | Reached skill level 7 in Charms
 33650 | Snake:2  | Noticed Vashnia
 33655 | Snake:2  | Killed Vashnia
 33655 | Snake:2  | Reached skill level 6 in Summonings
 33798 | Snake:2  | Reached skill level 8 in Charms
 33988 | Snake:2  | Reached skill level 14 in Fighting
 34010 | Snake:2  | Found Kaepomad's Jewellery Shoppe.
 34241 | Snake:2  | Got a dull robe
 34259 | Snake:2  | Reached skill level 7 in Summonings
 34264 | Snake:2  | Identified the cursed +0 robe "Gidunet Repa" {Str+2 Int+2 Dex-4} (You found it on level 2 of the Snake Pit)
 34987 | Snake:2  | Upgraded the game from 0.20-a0-915-gb278767 to 0.20-a0-923-g548304e
 35052 | Snake:3  | Found Zimaorez's Weapon Boutique.
 36515 | Snake:3  | Reached skill level 8 in Summonings
 37134 | Snake:4  | Entered Level 4 of the Snake Pit
 37311 | Snake:4  | Reached XP level 18. HP: 102/102 MP: 31/31
 37326 | Snake:4  | Reached skill level 1 in Air Magic
 37562 | Snake:4  | Reached skill level 2 in Air Magic
 37596 | Snake:4  | Noticed Jorgrun
 37689 | Snake:4  | Killed Jorgrun
 37689 | Snake:4  | Reached skill level 15 in Fighting
 37981 | Snake:4  | Reached skill level 3 in Air Magic
 38169 | Snake:4  | HP: 23/104 [something (25)]
 38583 | Snake:4  | Reached skill level 4 in Air Magic
 40047 | Lair:1   | Learned a level 4 spell: Olgreb's Toxic Radiance
 40051 | Lair:1   | Learned a level 3 spell: Mephitic Cloud
 40497 | Snake:3  | Reached skill level 5 in Air Magic
 40497 | Snake:3  | Reached skill level 1 in Poison Magic
 40722 | Snake:3  | Reached skill level 2 in Poison Magic
 41108 | Snake:4  | Reached skill level 3 in Poison Magic
 41509 | Snake:4  | HP: 21/104 [nagaraja/enchanted spear (16)]
 41753 | Snake:4  | Reached skill level 4 in Poison Magic
 41834 | Snake:4  | Got a serpentine rune of Zot
 42439 | Shoals:1 | Entered Level 1 of the Shoals
 42466 | Shoals:1 | Reached skill level 5 in Poison Magic
 42997 | Shoals:1 | Found a white marble altar of Elyvilon.
 43064 | Shoals:1 | Reached skill level 1 in Evocations
 43219 | Shoals:1 | Learned a level 1 spell: Apportation
 43221 | Shoals:1 | Learned a level 1 spell: Summon Butterflies
 43251 | Shoals:1 | Reached skill level 2 in Evocations
 43917 | Shoals:2 | Reached skill level 3 in Evocations
 43939 | Shoals:2 | Reached skill level 19 in Dodging
 44012 | Shoals:2 | Reached skill level 4 in Evocations
 44232 | Shoals:2 | Noticed Polyphemus
 44269 | Shoals:2 | Killed Polyphemus
 44886 | Shoals:3 | Reached XP level 19. HP: 108/108 MP: 32/32
 45208 | Shoals:4 | Entered Level 4 of the Shoals
 45208 | Shoals:4 | Noticed Aizul
 45211 | Shoals:4 | Killed Aizul
 45211 | Shoals:4 | Reached skill level 22 in Stealth
 45265 | Shoals:4 | Noticed Ilsuiw
 45435 | Shoals:4 | Reached skill level 20 in Dodging
 45486 | Shoals:4 | Killed Ilsuiw
 46380 | Shoals:4 | Got a barnacled rune of Zot
 46548 | Shoals:4 | Identified the Guide on the Blaze and Summoning
 46971 | Lair:4   | Upgraded the game from 0.20-a0-923-g548304e to 0.20-a0-924-gfa95efa
 47398 | Depths:1 | Entered Level 1 of the Depths
 47432 | Depths:1 | Noticed Bai Suzhen
 47434 | Depths:1 | Killed Bai Suzhen
 47438 | Depths:1 | Reached skill level 23 in Stealth
 47509 | Depths:1 | Noticed Sojobo
 47522 | Depths:1 | Reached skill level 21 in Dodging
 48230 | Depths:1 | Found a gateway to Hell.
 48236 | Depths:1 | Found a one-way gate to the infinite horrors of the Abyss.
 48279 | Depths:1 | Killed Sojobo
 48470 | Depths:1 | HP: 26/108 [battlesphere[a tengu reaver] (13)]
 50273 | Depths:1 | Reached skill level 9 in Spellcasting
 51543 | Depths:2 | Slain by a stone giant

Vault maps used:
D:1:      dpeg_arrival_subterranean_lakeside_camping
D:3:      hangedman_ru_absence, trog_butcher_becter
D:4:      xom_butterflies, kennysheep_mini_moat, nicolae_overflow_hidden_temple,
          temple_fountains, portal_sewer_entry_b, doesnt_xom_only_xom,
          uniq_eustachio
D:5:      first_bread
D:6:      wad_pebble_path, kiku_gazebo_pond_becter,
          eino_small_chamber_without_monster, uniq_duvessa,
          uniq_crazy_yiuf_cottage
D:7:      lemuel_doored_altar, uniq_prince_ribbit1
D:8:      minmay_crossroads
D:9:      lair_entry_dummy, hangedman_fish_farm, minivault_16
D:10:     minmay_orc_entry_temple_small
D:11:     uniq_maurice
D:12:     kennysheep_demon_hangout, portal_ice_cave_entry_pillars_1,
          solitary_fountain, minmay_item_behind_shaft, grunt_decor_resistance
D:13:     lightli_vaults_fourway_checkpoint, nicolae_trove_entry_free_sample,
          special_room, serial_undead, serial_undead_e, serial_undead_f,
          serial_undead_f, serial_undead_b, uniq_rupert
D:14:     elyvilon_altar_5, minmay_misc_feat_rows, nooodl_orcs_dogs,
          uniq_roxanne
D:15:     grunt_enter_depths_magical_seal, patterned_corridor,
          grunt_dithmenos_smoke
Temple:   nicolae_temple_x_marks_the_god
Lair:2:   grunt_megastairs_5, uniq_sonja
Lair:3:   minmay_snake_entry_six_corridors, bobbens_dragon_lair_wall
Lair:4:   regret_index_wax_grids, elwin_shoals_entry_rocks, basic_altar,
          cheibrodos_lair_caveside_slide, minmay_lindwurm_lava,
          grunt_megastairs_2, uniq_snorg, uniq_nessos
Lair:5:   enter_volcano_4, st_stairs_3
Lair:6:   cheibrodos_lair_end_hotspot, nicolae_slime_entry_slimehenge,
          hibernation_bobbens
Shoals:1: lemuel_oklob_altar
Shoals:2: uniq_polyphemus
Shoals:4: shoals_end_hangedman, shoal_ilsuiw, uniq_aizul
Snake:2:  serial_shops, shop, uniq_vashnia
Snake:3:  serial_shops, nicolae_shop_temple_entry_statues_fountains
Snake:4:  johnstein_snake_rune_scales, serial_bayou_ford_a,
          nicolae_snake_springs, uniq_jorgrun
Orc:2:    grunt_orc_gardens, grunt_orc_garden, grunt_orc_garden,
          grunt_orc_garden, grunt_orc_garden, uniq_erolcha
Depths:1: hell_entry, abyss_entry, minmay_misc_feat_hallway, nooodl_food_tri,
          uniq_bai_suzhen, uniq_sojobo
Depths:2: minmay_crescents, kennysheep_big_empty_room,
          grunt_hell_entry_dis_grunt
Sewer:    sewer_kobolds
IceCv:    ice_cave_caverns_01
Volcano:  kennysheep_volcano_temple

Skill      XL: |  1  2  3  4  5  6  7  8  9 10 11 12 13 14 15 16 17 18 19 |
---------------+----------------------------------------------------------+-----
Short Blades   | 2 3 4 5 6 9 10 11 12 13 | 13.5
Spellcasting   | 3 4 5 8 9 |  9.5
Hexes          | 4 5 6 7 8 |  8.0
Stealth        | 5 6 7 9 10 12 15 17 19 21 23 | 23.5
Conjurations   | 2 |  2.0
Fighting       | 3 7 8 9 10 12 14 15 | 15.7
Dodging        | 7 12 13 15 17 18 19 21 | 21.6
Translocations | 4 6 |  6.1
Ice Magic      | 3 |  3.0
Charms         | 3 8 |  8.0
Summonings     | 1 8 |  8.5
Air Magic      | 5 |  5.0
Poison Magic   | 5 |  5.5
Evocations     | 4 |  4.0

Action                   |  1- 3 |  4- 6 |  7- 9 | 10-12 | 13-15 | 16-18 | 19-21 || total
-------------------------+-------+-------+-------+-------+-------+-------+-------++-------
Melee: Dagger            |   104 |   220 |   283 |   292 |   746 |  1436 |   279 ||  3360
       Short sword       |       |       |       |       |       |       |    26 ||    26
 Fire: Hunting sling     |       |    53 |    29 |     7 |    34 |       |       ||   123
 Cast: Corona            |     4 |       |       |       |       |       |       ||     4
       Ensorcelled Hiber |    32 |    55 |    81 |   126 |   323 |   344 |   113 ||  1074
       Confuse           |       |     3 |    23 |    21 |   100 |   108 |    30 ||   285
       Blink             |       |       |       |     1 |     2 |    10 |       ||    13
       Dazzling Spray    |       |       |       |       |    82 |   159 |    19 ||   260
       Tukima's Dance    |       |       |       |       |     7 |     5 |     1 ||    13
       Summon Lightning  |       |       |       |       |       |    35 |    24 ||    59
       Mephitic Cloud    |       |       |       |       |       |     5 |     2 ||     7
       Olgreb's Toxic Ra |       |       |       |       |       |     3 |     1 ||     4
       Apportation       |       |       |       |       |       |     1 |     2 ||     3
       Regeneration      |       |       |       |       |       |     1 |     1 ||     2
       Summon Butterflie |       |       |       |       |       |     1 |     1 ||     2
Invok: Shadow Step       |       |       |       |     4 |     5 |     5 |     4 ||    18
 Abil: Evoke Flight      |       |       |       |       |       |    17 |    10 ||    27
       Stop Flying       |       |       |       |       |       |     1 |     1 ||     2
Evoke: Wand              |       |       |       |       |     7 |     7 |     1 ||    15
  Use: Scroll            |       |     8 |    10 |     5 |    14 |    12 |     5 ||    54
       Potion            |       |       |       |     1 |     3 |     1 |       ||     5
 Stab: Sleeping          |    30 |    37 |    60 |    93 |   209 |   335 |   109 ||   873
       Distracted        |     1 |       |     2 |     2 |     4 |    17 |     4 ||    30
       Confused          |       |     1 |    18 |    11 |    61 |    57 |    24 ||   172
       Invisible         |       |       |       |       |     4 |    19 |     2 ||    25
  Eat: Bread ration      |       |     1 |     1 |       |     2 |       |       ||     4
       Royal jelly       |       |       |       |     1 |     2 |    10 |     4 ||    17
       Fruit             |       |       |       |     3 |     1 |       |     3 ||     7
Armor: Robe              |    14 |    37 |    25 |     5 |       |    39 |    13 ||   133
       Troll leather arm |       |       |       |     5 |    36 |    15 |       ||    56
Dodge: Dodged            |    83 |   178 |   141 |   215 |   747 |  1333 |   354 ||  3051

Table legend:
 A = Turns spent in this place as a percentage of turns spent in the entire game.
 B = Non-inter-level travel turns spent in this place as a percentage of non-inter-level travel turns spent in the entire game.
 C = Inter-level travel turns spent in this place as a percentage of turns spent in this place.
 D = Turns resting spent in this place as a percentage of non-inter-level travel turns spent in this place.
 E = Turns spent auto-exploring this place as a percentage of non-inter-level travel turns spent in this place.
 F = Non-inter-level travel turns spent in this place divided by the number of levels of this place that you've seen.
                   A       B       C       D       E      F
               +-------+-------+-------+-------+-------+----------------------
         Total | 100.0 | 100.0 |   0.3 |   3.4 |   2.9 | 592.5
       Dungeon |  35.8 |  35.8 |   0.4 |   3.0 |   4.2 | 523.5
        Temple |   0.4 |   0.4 |   0.0 |   0.0 |   4.8 |  83.0
          Lair |  22.4 |  22.4 |   0.5 |   3.1 |   2.0 | 818.0
        Shoals |  11.9 |  11.9 |   0.2 |   2.5 |   0.9 | 653.8
     Snake Pit |  14.1 |  14.1 |   0.3 |   5.2 |   2.9 | 774.0
  Orcish Mines |   4.0 |   4.0 |   0.5 |   3.1 |   5.0 | 439.0
        Depths |   6.1 |   6.1 |   0.1 |   4.2 |   2.1 | 668.5
         Sewer |   1.1 |   1.1 |   0.0 |   2.1 |   1.7 | 240.0
      Ice Cave |   3.5 |   3.5 |   0.0 |   5.1 |   1.2 | 762.0
       Volcano |   0.7 |   0.7 |   0.0 |   4.0 |   0.7 | 149.0
               +-------+-------+-------+-------+-------+----------------------

Table legend:
 A = Kills in this place as a percentage of kills in entire the game.
 B = Kills by you in this place as a percentage of kills by you in the entire game.
 C = Kills by friends in this place as a percentage of kills by friends in the entire game.
 D = Other kills in this place as a percentage of other kills in the entire game.
 E = Experience gained in this place as a percentage of experience gained in the entire game.
 F = Experience gained in this place divided by the number of levels of this place that you have seen.
                   A       B       C       D       E      F
               +-------+-------+-------+-------+-------+----------------------
         Total | 100.0 | 100.0 | 100.0 | 100.0 | 100.0 | 11073.5
       Dungeon |  37.9 |  38.9 |   0.0 |  25.0 |  19.4 | 5304.3
          Lair |  20.1 |  20.6 |   0.0 |  12.5 |  16.4 | 11176.8
        Shoals |  10.0 |   9.3 |  29.0 |  50.0 |  18.3 | 18755.5
     Snake Pit |  14.7 |  13.9 |  51.6 |   0.0 |  25.0 | 25589.5
  Orcish Mines |   6.2 |   6.4 |   0.0 |   0.0 |   4.3 | 8797.0
        Depths |   5.6 |   5.5 |  12.9 |   0.0 |  13.3 | 27190.0
         Sewer |   0.9 |   0.9 |   0.0 |   0.0 |   0.0 | 144.0
      Ice Cave |   4.0 |   3.9 |   6.5 |   0.0 |   2.5 | 10218.0
       Volcano |   0.6 |   0.5 |   0.0 |  12.5 |   0.8 | 3380.0
               +-------+-------+-------+-------+-------+----------------------
